 Dungeon Crawl Stone Soup version 0.21.1-1-g345015f (webtiles) character file.

9 Supreme the Digger (level 2, 0/15 HPs)
             Began as a Gargoyle Earth Elementalist on Apr 16, 2018.
             Slain by a gnoll
             ... wielding a +0 halberd
              (13 damage)
             ... on level 1 of the Dungeon.
             The game lasted 00:04:02 (434 turns).

Supreme the Digger (Gargoyle Earth Elementalist)     Turns: 434, Time: 00:04:03

Health: 0/15       AC:  4    Str: 11    XL:     2   Next: 16%
Magic:  2/5        EV: 12    Int: 15    God:
Gold:   15         SH:  0    Dex: 10    Spells: 2/5 levels left

rFire    . . .     SeeInvis .   f - +0 dagger
rCold    . . .     Gourm    .   (no shield)
rNeg     + . .     Faith    .   c - +0 robe
rPois    ∞         Spirit   .   (no helmet)
rElec    +         Reflect  .   (no cloak)
rCorr    .         Harm     .   (no gloves)
MR       .....                  (no boots)
Stlth    +.........             (no amulet)
HPRegen  0.05/turn              m - ring of loudness (curse)
MPRegen  0.09/turn              (no ring)

@: no status effects
A: negative energy resistance 1, electricity resistance, unbreathing,
petrification resistance, rot immunity, AC +2
a: no special abilities


You were on level 1 of the Dungeon.
You were not hungry.

You visited 1 branch of the dungeon, and saw 1 of its levels.

You collected 15 gold pieces.

Inventory:

Hand Weapons
 f - a +0 dagger (weapon)
 k - a +0 short sword
Missiles
 b - 24 stones (quivered)
Armour
 c - a +0 robe (worn)
Jewellery
 m - a cursed ring of loudness (left hand)
Scrolls
 a - 2 scrolls of identify {unknown}
 g - a scroll of random uselessness {unknown}
 h - a scroll of amnesia {unknown}
 i - a scroll of fear {unknown}
Potions
 l - a potion of berserk rage {unknown}
Books
 e - a book of Geomancy

   Spells                             Type                      Level
   a - Sandblast                      Earth                        1
   b - Passwall                       Transmutation/Earth          2
   c - Stone Arrow                    Conjuration/Earth            3
   d - Petrify                        Transmutation/Earth          4
   e - Lee's Rapid Deconstruction     Earth                        5
Comestibles
 d - 2 rations
 j - 5 chunks of flesh


   Skills:
 + Level 1.6 Dodging
 + Level 2.3 Stealth
 + Level 2.1 Spellcasting
 + Level 0.7 Transmutations
 + Level 4.1 Earth Magic


You had 2 spell levels left.
You knew the following spells:

 Your Spells              Type           Power        Failure   Level  Hunger
a - Sandblast             Erth           ##....       4%          1    #......
b - Passwall              Tmut/Erth      #.........   12%         2    ###....


Dungeon Overview and Level Annotations

Branches:
Dungeon (1/15)

Altars:


Innate Abilities, Weirdness & Mutations

You are resistant to torment.
Your stone body is resilient. (AC +2)
You are immune to poison.
You resist negative energy. (rN+)
You are resistant to electric shocks. (rElec)
You can survive without breathing.
You are immune to petrification.
You are immune to rotting.


Message History

b - 26 stones
Casting: Sandblast
Confirm with . or Enter, or press ? or * to list all spells.
Aiming: Sandblast
Press: ? - help, Shift-Dir - straight line, f - gnoll
Aim: a gnoll, wielding a halberd The blast of sand hits the gnoll.
The gnoll is heavily wounded.
b - 25 stones
Casting: Sandblast
Confirm with . or Enter, or press ? or * to list all spells.
Aiming: Sandblast
Press: ? - help, Shift-Dir - straight line, f/p - gnoll
Aim: a gnoll, wielding a halberd (heavily wounded)
The blast of sand hits the gnoll.
The gnoll is heavily wounded.
b - 24 stones The gnoll hits you from afar with a halberd!
Ouch! That really hurt!
You die...

...........#.#......#
...........# .......#
...........# #......
...........# .....
......###### ...
......# #.# #######
#g# # #.# # #@# ####
#########.# ...#
#.........#
##.#####.#########
#.......# #########


You could see a gnoll.

Vanquished Creatures
  A giant cockroach (D:1)
  3 hobgoblins (D:1)
  A frilled lizard (D:1)
  2 kobolds (D:1)
  3 rats (D:1)
10 creatures vanquished.

Notes
Turn   | Place    | Note
-------+----------+-------------------------------------------
     0 | D:1      | Supreme the Gargoyle Earth Elementalist began the quest for the Orb.
     0 | D:1      | Reached XP level 1. HP: 10/10 MP: 3/3
   342 | D:1      | Reached skill level 4 in Earth Magic
   342 | D:1      | Reached XP level 2. HP: 9/15 MP: 5/5
   349 | D:1      | Learned a level 2 spell: Passwall
   434 | D:1      | Slain by a gnoll

Skill      XL: |  1 |
---------------+----+-----
Earth Magic    | 4 |  4.1
Dodging        | |  1.6
Stealth        | |  2.3
Spellcasting   | |  2.1
Transmutations | |  0.7

Action                   || total
-------------------------++-------
Melee: Dagger            ||    38
 Cast: Sandblast         ||     6
 Stab: Sleeping          ||     2
Armor: Robe              ||     7
Dodge: Dodged            ||    20
